Map: Pylon LE

Players

nimrod

  • Race: Terran Terran
  • League: Diamond
  • Spawn Location: 11:00

ManlyManMeat - Winner!

  • Race: Zerg Zerg
  • League: Diamond
  • Spawn Location: 5:00

VOD

Have the link to the VOD?

Description

Time

  • Played on: July 1, 2025, 9:18 a.m.
  • Length: 13:49
Show
View Real Time Build Order
Export as new Build Order

nimrod Terran 

Build Orders:  

Get SALT Encoding   

  12  0:01  SCV  
  13  0:15  SCV  
  14  0:23  Supply Depot  
  14  0:26  Refinery  
  14  0:28  SCV  
  15  0:45  SCV  
  16  0:54  Barracks  
  16  0:57  SCV  
  17  1:09  SCV  
  18  1:21  SCV  
  19  1:31  Barracks  
  19  1:33  SCV  
  20  1:45  SCV  
  21  1:51  Command Center  
  21  1:59  Marine  
  22  2:07  SCV  
  23  2:08  Supply Depot  
  23  2:13  Refinery  
  23  2:30  Barracks Tech Lab, Marine, SCV  
  23  2:33  Factory  
  25  2:44  Orbital Command  
  25  2:49  Marine  
  26  3:04  SCV  
  27  3:06  Marauder, Bunker  
  27  3:09  Marine  
  27  3:12  SCV  
  31  3:18  Factory Tech Lab  
  31  3:20  SCV  
  31  3:24  SCV  
  33  3:32  Marine x2  
  32  3:41  SCV x2  
  32  3:43  Siege Tank  
  36  3:49  Starport  
  36  3:51  Engineering Bay  
  36  3:55  SCV x2  
  37  3:57  Refinery  
  37  3:58  Marine  
  39  4:09  SCV x2  
  41  4:18  Marine x2  
  41  4:22  SCV  
  41  4:23  SCV  
  45  4:26  Refinery  
  45  4:35  Starport Tech Lab, Supply Depot  
  45  4:43  Missile Turret  
  45  4:46  Starport  
  45  4:49  Fusion Core  
  45  4:51  SCV  
  46  4:57  SCV, Widow Mine  
  49  5:12  Stimpack  
  49  5:15  SCV x2  
  49  5:19  Supply Depot  
  51  5:34  Starport Tech Lab  
  51  5:40  Starport, SCV  
  51  5:41  SCV  
  51  5:42  Supply Depot  
  53  5:44  Weapon Refit  
  53  5:53  SCV  
  53  5:55  SCV  
  55  6:05  SCV, Battlecruiser  
  55  6:07  Battlecruiser  
  68  6:28  Barracks  
  68  6:30  Terran Infantry Weapons Level 1  
  68  6:33  Siege Tank  
  68  6:34  Planetary Fortress  
  71  6:42  Starport Tech Lab  
  71  6:49  Marine x2  
  73  7:06  Siege Tank  
  73  7:07  Supply Depot, Marine  
  77  7:14  Command Center  
  77  7:28  Battlecruiser  
  77  7:29  Marine x3  
  86  7:33  Supply Depot  
  86  7:36  Medivac  
  85  7:39  Medivac  
  80  7:47  Marine  
  81  8:02  Marine x2  
  81  8:03  Siege Tank  
  81  8:05  Marine  
  87  8:18  Viking x2  
  79  8:54  Planetary Fortress  
  79  8:55  Marine x3  
  80  8:57  Siege Tank  
  85  9:03  Viking x3  
  91  9:12  Combat Shield  
  91  9:13  Marine x3  
  91  9:15  Terran Infantry Armor Level 1  
  94  9:20  Armory  
  94  9:21  Refinery  
  94  9:24  Refinery  
  94  9:26  Barracks  
  94  9:30  Siege Tank  
  97  9:32  Marauder, Marine x2  
  101  9:43  SCV x2  
  101  9:45  SCV  
  104  9:57  SCV  
  105  10:01  Command Center  
  105  10:04  SCV  
  106  10:09  SCV  
  106  10:10  Bunker  
  106  10:12  Barracks, SCV  
  108  10:16  SCV  
  108  10:17  Barracks Reactor  
  109  10:27  Terran Vehicle Weapons Level 1, Barracks Reactor  
  109  10:31  Supply Depot  
  109  10:32  Supply Depot  
  109  10:34  Siege Tank, SCV x3  
  115  10:47  SCV x2  
  117  10:52  SCV, Medivac x3  
  117  10:53  Barracks Reactor  
  124  10:59  Supply Depot  
  124  11:04  SCV  
  124  11:06  Thor, Supply Depot  
  131  11:14  Planetary Fortress  
  131  11:16  Refinery  
  131  11:17  SCV  
  132  11:26  Refinery  
  132  11:29  Marine x6, SCV  
  139  11:33  Bunker  
  139  11:37  SCV  
  140  11:40  Viking  
  140  11:41  Viking x2  
  140  11:42  SCV  
  147  11:49  Siege Tank, SCV  
  147  11:52  SCV  
  147  11:54  SCV  
  153  11:59  SCV  
  151  12:04  SCV  
  146  12:11  SCV  
  126  12:16  SCV  
  126  12:21  Marine x6  
  126  12:22  Viking x3, Marine  
  94  12:23  SCV  
  77  12:41  Marine x5  
  77  12:46  Marine x3  
  76  12:52  Viking  
  75  12:59  Marine x4  
  33  13:20  Marine  
  33  13:21  Marine x2  
Show
View Real Time Build Order
Export as new Build Order

ManlyManMeat Zerg - Winner!

Build Orders: Hatch First 

Get SALT Encoding   

  12  0:00  Drone  
  13  0:08  Drone  
  14  0:15  Drone, Extractor  
  15  0:22  Overlord  
  15  0:40  Drone  
  15  0:41  Drone  
  17  0:51  Hatchery  
  17  0:54  Drone  
  17  0:59  Drone  
  18  1:08  Extractor  
  17  1:15  Spawning Pool  
  17  1:16  Drone  
  17  1:20  Drone  
  18  1:26  Drone  
  19  1:37  Drone  
  20  2:05  Queen x2  
  20  2:06  Zergling x4  
  20  2:07  Zergling x2  
  27  2:09  Metabolic Boost  
  27  2:13  Overlord  
  27  2:21  Drone  
  28  2:34  Hatchery  
  27  2:46  Drone  
  27  2:47  Drone x3  
  27  2:48  Overlord  
  31  2:53  Overlord  
  31  2:57  Drone  
  32  3:07  Drone  
  32  3:09  Queen  
  35  3:16  Drone x4  
  38  3:28  Drone x3  
  41  3:45  Drone x2  
  41  3:46  Drone x4  
  41  3:48  Drone x3  
  50  3:56  Extractor  
  50  3:58  Drone x2, Extractor  
  50  3:59  Drone  
  50  4:01  Drone x3  
  54  4:03  Queen  
  54  4:07  Overlord  
  56  4:23  Overlord x2  
  56  4:24  Drone x2  
  57  4:31  Hatchery, Lair  
  56  4:34  Spore Crawler  
  56  4:36  Spore Crawler  
  56  4:37  Drone x2, Spore Crawler  
  56  4:38  Drone x2  
  57  4:49  Drone x2, Extractor  
  57  4:50  Drone x4  
  62  4:56  Queen  
  62  4:58  Queen  
  66  5:06  Roach Warren  
  65  5:07  Drone x3  
  65  5:11  Zergling x6  
  71  5:33  Spire  
  70  5:35  Infestation Pit  
  70  5:36  Zergling x8  
  73  5:48  Spore Crawler  
  72  5:52  Spore Crawler  
  72  5:54  Spore Crawler  
  72  5:56  Drone  
  72  5:57  Extractor, Spore Crawler  
  70  5:58  Overlord  
  70  5:59  Overlord x3  
  69  6:14  Spore Crawler  
  69  6:16  Spore Crawler x2  
  69  6:17  Drone x5, Spore Crawler  
  70  6:20  Drone x3  
  70  6:22  Zergling x12  
  70  6:23  Zergling x2  
  80  6:45  Zerg Flyer Armor Level 1, Corruptor x2  
  80  6:46  Corruptor x5  
  94  6:59  Zergling x12  
  94  7:00  Zergling x4  
  102  7:07  Overlord  
  102  7:19  Hatchery  
  100  7:33  Corruptor  
  100  7:34  Corruptor  
  100  7:35  Overlord x3  
  103  7:42  Corruptor  
  103  7:45  Infestation Pit  
  103  7:49  Drone  
  103  7:50  Drone x2, Overlord x3  
  97  8:26  Queen  
  97  8:27  Corruptor x5, Queen  
  99  8:30  Hive  
  99  8:33  Drone  
  99  8:34  Drone, Evolution Chamber  
  113  8:35  Evolution Chamber  
  103  8:52  Drone x4  
  103  8:55  Corruptor x3  
  106  9:03  Drone x3  
  106  9:04  Drone  
  106  9:05  Zergling x4  
  112  9:22  Zergling x10  
  112  9:23  Zergling x6  
  120  9:26  Zerg Flyer Weapons Level 1  
  120  9:40  Zergling x12  
  126  9:48  Zerg Melee Weapons Level 1, Zerg Ground Armor Level 1  
  126  9:50  Queen  
  127  9:54  Ultralisk Cavern  
  126  10:01  Overlord x3  
  126  10:02  Drone  
  127  10:31  Extractor  
  127  10:32  Extractor  
  127  10:34  Drone, Extractor  
  127  10:35  Drone x4  
  127  10:36  Drone  
  129  10:47  Hatchery  
  129  10:49  Chitinous Plating  
  126  10:52  Ultralisk x5  
  126  10:53  Zergling x22  
  126  10:54  Zergling x10  
  169  11:01  Hatchery  
  168  11:15  Ultralisk  
  168  11:16  Overlord x2  
  168  11:17  Overlord  
  174  11:47  Overlord x2  
  174  11:49  Ultralisk x3  
  191  12:08  Anabolic Synthesis  
  164  12:18  Ultralisk x2  
  164  12:19  Zergling x34  
  164  12:20  Zergling x16  
  164  12:21  Drone x2  
  180  12:43  Ultralisk x2  
  180  12:44  Ultralisk  
  180  12:58  Zergling x4  
  180  12:59  Zergling x24  
  191  13:09  Ultralisk  
Tags
 
Matchup
TvZ
Replay Pack
Myownreplay2
Spawn Locations
Cross Positions
Add a new tag
Caveats
  • Supply blocks, unpowered buildings, or Contaminate may cause inaccurate times.
  • Supply counts are checked every 10 seconds.